General information
- name: BNet
- type: Ladder team game (AT/RT)
- host: Battle.net
- saver: TOMMY_WISEAU
map: DragonFalls
- players: 8
- length: 36:18
- speed: Fast
- version: 1.26 W3XP
- replay type: Public
» download(226 KB)
Players
team 1 (loser)

»
boomerangler (
purple | 48 APM | 1711 actions | 35:52)
5 Dark Ranger
1 Black Arrow
2 Life Drain
2 Silence
3 Priestess of the Moon
2 Trueshot Aura
1 Searing Arrows
2 Keeper of the Grove
1 Thorns Aura
1 Entangling Roots
» actions
| Assign group hotkey | 8 | |
| Basic commands | 195 | |
| Build / train | 112 | |
| ESC pressed | 1 | |
| Enter build submenu | 42 | |
| Enter hero's abilities submenu | 10 | |
| Give item / drop item | 6 | |
| Remove unit from queue | 4 | |
| Right click | 722 | |
| Select / deselect | 505 | |
| Select group hotkey | 29 | |
| Use ability | 77 | |
1711 total
» units
| Wisp | 34 | |
| Archer | 6 | |
| Satyr Shadowdancer | 3 | |
| Furbolg Shaman | 2 | |
| Hippogryph | 2 | |
| Dryad | 12 | |
| Chimaera | 13 | |
| Druid of the Claw | 3 | |
75 total
» upgrades
| Strength of the Wild | 2 | |
| Reinforced Hides | 2 | |
| Druid of the Claw Training | 2 | |
| Well Spring | 1 | |
7 total
» buildings
| Moon Well | 8 | |
| Ancient of War | 1 | |
| Altar of Elders | 1 | |
| Hunter's Hall | 1 | |
| Ancient of Wonders | 2 | |
| Ancient Protector | 10 | |
| Tree of Life | 2 | |
| Tree of Ages | 1 | |
| Tree of Eternity | 1 | |
| Ancient of Wind | 1 | |
| Ancient of Lore | 1 | |
| Chimaera Roost | 2 | |
| Ziggurat | 6 | |
| Altar of Darkness | 1 | |
38 total
» build order
00:18 Moon Well
00:36 Ancient of War
00:52 Altar of Elders
01:28 Moon Well
02:39 Hunter's Hall
03:07 Moon Well
03:38 Ancient of Wonders
04:35 Ancient Protector
04:45 Tree of Life
05:00 Ancient Protector
05:55 Ancient Protector
06:01 Ancient Protector
06:59 Ancient Protector
07:02 Ancient Protector
07:08 Ancient Protector
07:44 Tree of Ages
09:33 Moon Well
09:36 Moon Well
10:15 Tree of Eternity
10:18 Ancient of Wind
10:22 Ancient of Lore
11:09 Moon Well
13:00 Chimaera Roost
13:36 Chimaera Roost
13:47 Moon Well
13:50 Moon Well
19:45 Ancient of Wonders
22:14 Tree of Life
23:19 Ancient Protector
23:21 Ancient Protector
23:22 Ancient Protector
27:30 Ziggurat
27:32 Ziggurat
27:33 Ziggurat
27:34 Altar of Darkness
27:38 Ziggurat
27:39 Ziggurat
27:41 Ziggurat
» items
| Scroll of Town Portal | 5 | |
| Potion of Healing | 3 | |
| Orb of Venom | 2 | |
| Orb of Corruption | 1 | |
11 total
explicate (
blue | 30 APM | 712 actions | 24:02)
4 Dreadlord
2 Vampiric Aura
2 Carrion Swarm
2 Death Knight
1 Death Coil
1 Unholy Aura
» actions
| Assign group hotkey | 13 | |
| Basic commands | 29 | |
| Build / train | 48 | |
| Enter build submenu | 23 | |
| Enter hero's abilities submenu | 6 | |
| Right click | 368 | |
| Select / deselect | 141 | |
| Select group hotkey | 52 | |
| Use ability | 32 | |
712 total
» units
| Acolyte | 11 | |
| Ghoul | 3 | |
| Crypt Fiend | 10 | |
| Frost Wyrm | 13 | |
37 total
» upgrades
» buildings
| Crypt | 2 | |
| Ziggurat | 8 | |
| Graveyard | 1 | |
| Altar of Darkness | 1 | |
| Halls of the Dead | 1 | |
| Black Citadel | 1 | |
| Sacrificial Pit | 1 | |
| Boneyard | 2 | |
| Necropolis | 1 | |
18 total
» build order
00:27 Crypt
00:39 Ziggurat
00:59 Graveyard
01:22 Ziggurat
01:50 Altar of Darkness
02:23 Halls of the Dead
03:09 Crypt
03:17 Ziggurat
04:48 Black Citadel
05:39 Sacrificial Pit
05:48 Ziggurat
06:28 Ziggurat
07:11 Boneyard
07:14 Boneyard
07:36 Ziggurat
08:54 Necropolis
12:12 Ziggurat
12:46 Ziggurat
SHADOWRUNNER (
yellow | 36 APM | 1294 actions | 36:17)
1 Warden
1 Shadow Strike
» actions
| Basic commands | 139 | |
| Build / train | 43 | |
| ESC pressed | 1 | |
| Enter build submenu | 16 | |
| Enter hero's abilities submenu | 1 | |
| Right click | 602 | |
| Select / deselect | 436 | |
| Use ability | 56 | |
1294 total
» units
| Wisp | 10 | |
| Glaive Thrower | 3 | |
| Archer | 21 | |
| Huntress | 3 | |
| Acolyte | 1 | |
38 total
» buildings
| Moon Well | 6 | |
| Altar of Elders | 1 | |
| Ancient of War | 5 | |
| Hunter's Hall | 1 | |
| Ancient Protector | 2 | |
15 total
» build order
00:08 Moon Well
00:10 Altar of Elders
08:59 Ancient of War
09:00 Ancient of War
09:07 Ancient of War
09:12 Moon Well
09:13 Moon Well
09:17 Moon Well
10:06 Hunter's Hall
13:21 Moon Well
15:02 Moon Well
19:23 Ancient of War
19:23 Ancient of War
21:33 Ancient Protector
21:34 Ancient Protector
» items

»
shon (
green | 68 APM | 2411 actions | 35:22)
10 Death Knight
3 Death Coil
3 Unholy Aura
1 Animate Dead
3 Death Pact
» actions
| Assign group hotkey | 35 | |
| Basic commands | 7 | |
| Build / train | 70 | |
| ESC pressed | 2 | |
| Enter build submenu | 20 | |
| Enter hero's abilities submenu | 10 | |
| Right click | 822 | |
| Select / deselect | 458 | |
| Select group hotkey | 942 | |
| Use ability | 45 | |
2411 total
» units
| Acolyte | 7 | |
| Ghoul | 9 | |
| Gargoyle | 23 | |
| Green Dragon | 1 | |
| Green Drake | 2 | |
| Green Dragon Whelp | 2 | |
44 total
» upgrades
| Creature Attack | 2 | |
| Creature Carapace | 2 | |
4 total
» buildings
| Altar of Darkness | 1 | |
| Ziggurat | 9 | |
| Crypt | 2 | |
| Halls of the Dead | 4 | |
| Graveyard | 1 | |
| Spirit Tower | 2 | |
| Black Citadel | 1 | |
| Sacrificial Pit | 1 | |
| Tomb of Relics | 1 | |
| Necropolis | 4 | |
| Nerubian Tower | 1 | |
27 total
» build order
02:29 Altar of Darkness
02:31 Ziggurat
02:38 Crypt
03:18 Halls of the Dead
04:05 Ziggurat
05:07 Graveyard
05:16 Halls of the Dead
05:55 Ziggurat
06:37 Ziggurat
07:08 Ziggurat
07:10 Spirit Tower
07:32 Spirit Tower
07:37 Black Citadel
07:39 Sacrificial Pit
07:44 Ziggurat
07:48 Ziggurat
08:23 Crypt
14:46 Tomb of Relics
17:32 Ziggurat
29:13 Ziggurat
30:12 Necropolis
30:15 Necropolis
30:21 Necropolis
30:27 Necropolis
31:16 Nerubian Tower
» items
team 2 (winner)
TOMMY_WISEAU (
pink | 59 APM | 2132 actions | 36:18)
5 Goblin Tinker
3 Pocket Factory
2 Engineering Upgrade
4 Pit Lord
2 Rain of Fire
2 Cleaving Attack
5 Pandaren Brewmaster
3 Breath of Fire
2 Drunken Haze
» actions
| Assign group hotkey | 26 | |
| Basic commands | 206 | |
| Build / train | 101 | |
| ESC pressed | 4 | |
| Enter build submenu | 31 | |
| Enter hero's abilities submenu | 14 | |
| Right click | 536 | |
| Select / deselect | 633 | |
| Select group hotkey | 443 | |
| Use ability | 137 | |
2132 total
» units
| Peasant | 12 | |
| Footman | 3 | |
| Rifleman | 14 | |
| Priest | 9 | |
| Goblin Shredder | 1 | |
39 total
» upgrades
| Lumber Harvesting | 1 | |
| Long Rifles | 1 | |
| Priest Training | 2 | |
| Magic Sentry | 1 | |
| Gunpowder | 3 | |
| Armor | 3 | |
| Masonry | 2 | |
13 total
» buildings
| Altar of Kings | 1 | |
| Barracks | 2 | |
| Farm | 9 | |
| Scout Tower | 9 | |
| Arcane Tower | 2 | |
| Keep | 1 | |
| Lumber Mill | 2 | |
| Blacksmith | 2 | |
| Arcane Vault | 3 | |
| Guard Tower | 5 | |
| Arcane Sanctum | 1 | |
| Castle | 1 | |
| Town Hall | 1 | |
39 total
» build order
00:06 Altar of Kings
00:09 Barracks
00:13 Farm
00:17 Farm
01:35 Farm
02:30 Scout Tower
02:58 Arcane Tower
03:00 Farm
04:19 Keep
04:23 Lumber Mill
05:53 Blacksmith
05:59 Blacksmith
06:08 Scout Tower
06:14 Arcane Vault
06:23 Arcane Vault
06:42 Arcane Vault
06:46 Guard Tower
07:00 Barracks
07:04 Arcane Sanctum
07:18 Farm
07:20 Farm
07:22 Farm
07:24 Farm
08:15 Scout Tower
08:18 Scout Tower
08:54 Guard Tower
09:04 Scout Tower
09:34 Guard Tower
10:46 Castle
11:25 Farm
11:28 Scout Tower
11:31 Scout Tower
12:00 Guard Tower
16:52 Lumber Mill
20:23 Town Hall
23:50 Scout Tower
23:52 Scout Tower
25:33 Guard Tower
» items
| Potion of Healing | 8 | |
| Scroll of Regeneration | 2 | |
| Scroll of Town Portal | 7 | |
| Orb of Fire | 3 | |
| Staff of Sanctuary | 2 | |
| Lesser Clarity Potion | 1 | |
23 total
DesPro (
red | 42 APM | 1537 actions | 36:17)
8 Demon Hunter
3 Immolation
3 Mana Burn
1 Metamorphosis
1 Evasion
6 Keeper of the Grove
3 Entangling Roots
2 Force of Nature
1 Tranquility
» actions
| Basic commands | 2 | |
| Build / train | 117 | |
| Enter build submenu | 23 | |
| Enter hero's abilities submenu | 14 | |
| Give item / drop item | 1 | |
| Right click | 782 | |
| Select / deselect | 499 | |
| Use ability | 99 | |
1537 total
» units
| Wisp | 26 | |
| Huntress | 4 | |
| Druid of the Claw | 8 | |
| Dryad | 21 | |
| Hippogryph | 9 | |
68 total
» upgrades
| Reinforced Hides | 3 | |
| Strength of the Wild | 3 | |
| Moon Armor | 1 | |
| Strength of the Moon | 1 | |
| Druid of the Claw Training | 2 | |
| Abolish Magic | 1 | |
| Mark of the Claw | 1 | |
| Hardened Skin | 1 | |
| Resistant Skin | 1 | |
14 total
» buildings
| Moon Well | 9 | |
| Altar of Elders | 1 | |
| Hunter's Hall | 1 | |
| Ancient of War | 1 | |
| Ancient Protector | 2 | |
| Tree of Ages | 1 | |
| Tree of Life | 2 | |
| Ancient of Lore | 2 | |
| Tree of Eternity | 1 | |
| Ancient of Wonders | 1 | |
| Ancient of Wind | 3 | |
24 total
» build order
00:37 Moon Well
00:42 Altar of Elders
01:36 Hunter's Hall
01:51 Moon Well
02:13 Ancient of War
02:42 Ancient Protector
03:03 Moon Well
03:10 Moon Well
03:30 Ancient Protector
04:19 Tree of Ages
06:05 Tree of Life
06:59 Ancient of Lore
07:13 Ancient of Lore
07:30 Moon Well
08:08 Tree of Eternity
09:13 Ancient of Wonders
09:35 Moon Well
11:28 Moon Well
13:19 Moon Well
15:16 Moon Well
24:40 Tree of Life
27:30 Ancient of Wind
28:23 Ancient of Wind
28:24 Ancient of Wind
» items
| Orb of Venom | 1 | |
| Potion of Healing | 3 | |
| Potion of Lesser Invulnerability | 3 | |
| Scroll of Town Portal | 10 | |
17 total
Facehole (
teal | 20 APM | 720 actions | 36:17)
2 Mountain King
1 Storm Bolt
1 Bash
2 Paladin
1 Holy Light
1 Divine Shield
» actions
| Assign group hotkey | 14 | |
| Basic commands | 74 | |
| Build / train | 67 | |
| Enter build submenu | 24 | |
| Enter hero's abilities submenu | 4 | |
| Give item / drop item | 2 | |
| Right click | 167 | |
| Select / deselect | 226 | |
| Select group hotkey | 98 | |
| Use ability | 44 | |
720 total
» units
| Peasant | 22 | |
| Mortar Team | 13 | |
| Sorceress | 1 | |
36 total
» upgrades
| Masonry | 3 | |
| Gunpowder | 3 | |
| Armor | 3 | |
| Lumber Harvesting | 1 | |
| Sorceress Training | 2 | |
| Fragmentation Shards | 1 | |
| Flare | 1 | |
| Barrage | 1 | |
15 total
» buildings
| Farm | 11 | |
| Altar of Kings | 1 | |
| Lumber Mill | 1 | |
| Arcane Vault | 1 | |
| Keep | 2 | |
| Scout Tower | 5 | |
| Blacksmith | 1 | |
| Guard Tower | 4 | |
| Castle | 1 | |
| Arcane Sanctum | 1 | |
| Workshop | 2 | |
30 total
» build order
00:35 Farm
00:39 Farm
00:46 Altar of Kings
01:31 Lumber Mill
01:55 Farm
01:57 Farm
02:12 Arcane Vault
03:18 Keep
03:18 Keep
03:40 Farm
03:45 Scout Tower
03:49 Scout Tower
04:02 Blacksmith
04:49 Guard Tower
04:54 Farm
05:06 Farm
05:17 Scout Tower
05:21 Guard Tower
05:59 Guard Tower
06:02 Farm
06:36 Castle
06:48 Scout Tower
07:05 Arcane Sanctum
07:10 Workshop
07:14 Workshop
07:23 Guard Tower
12:01 Farm
12:03 Farm
13:24 Farm
25:52 Scout Tower
» items
| Potion of Healing | 2 | |
| Lesser Clarity Potion | 1 | |
3 total
Landa (
orange | 31 APM | 1109 actions | 36:17)
3 Warden
2 Fan of Knives
1 Blink
3 Keeper of the Grove
2 Thorns Aura
1 Entangling Roots
» actions
| Basic commands | 61 | |
| Build / train | 75 | |
| Enter build submenu | 51 | |
| Enter hero's abilities submenu | 6 | |
| Give item / drop item | 2 | |
| Remove unit from queue | 7 | |
| Right click | 400 | |
| Select / deselect | 453 | |
| Use ability | 54 | |
1109 total
» units
| Wisp | 31 | |
| Dryad | 13 | |
| Mountain Giant | 1 | |
45 total
» upgrades
| Ultravision | 1 | |
| Strength of the Wild | 2 | |
| Reinforced Hides | 2 | |
| Nature's Blessing | 1 | |
| Abolish Magic | 1 | |
| Druid of the Claw Training | 1 | |
8 total
» buildings
| Moon Well | 20 | |
| Altar of Elders | 3 | |
| Ancient of Wonders | 2 | |
| Hunter's Hall | 2 | |
| Tree of Ages | 3 | |
| Ancient of Lore | 8 | |
| Tree of Eternity | 2 | |
| Tree of Life | 2 | |
| Ancient Protector | 1 | |
43 total
» build order
00:13 Moon Well
00:22 Altar of Elders
00:56 Moon Well
01:49 Moon Well
02:30 Moon Well
02:52 Moon Well
03:04 Moon Well
03:56 Moon Well
04:01 Ancient of Wonders
04:46 Moon Well
04:54 Moon Well
05:01 Moon Well
05:13 Hunter's Hall
05:18 Tree of Ages
05:24 Altar of Elders
07:53 Ancient of Lore
07:57 Ancient of Lore
08:01 Ancient of Lore
08:17 Ancient of Lore
08:22 Ancient of Lore
08:31 Ancient of Lore
09:30 Tree of Eternity
11:34 Tree of Life
11:48 Ancient Protector
13:09 Ancient of Lore
15:51 Tree of Eternity
19:35 Tree of Life
23:20 Moon Well
23:24 Moon Well
23:27 Moon Well
23:31 Moon Well
25:20 Moon Well
25:34 Tree of Ages
28:25 Hunter's Hall
28:44 Altar of Elders
28:49 Moon Well
29:06 Moon Well
29:20 Tree of Ages
29:25 Moon Well
29:59 Ancient of Lore
30:32 Moon Well
31:19 Ancient of Wonders
31:26 Moon Well
34:23 Tree of Eternity
» items
| Circlet of Nobility | 1 | |
| Boots of Speed | 1 | |
2 total
Chat log
(00:12 / Allies) DesPro: hey
(00:23 / Allies) Facehole: thats what YOU say
(00:23 / Allies) Landa: hi
(00:29 / All) SHADOWRUNNER: lol TOMMY GUNS
(00:32 / Allies) Landa: driads here
(01:04 / Allies) DesPro: hunt bears
(01:09 / Allies) TOMMY_WISEAU: why would I want to do that
(01:12 / Allies) TOMMY_WISEAU: I aint no hunter
(01:16 / All) Facehole: word in the street is that dryads are from isreal, would you care to comment?
(01:24 / All) SHADOWRUNNER: HOW MUCH HOMOSEXUAL DOES IT TAKE TO MAKE A POOL OF SEMEN???
(01:36 / All) Facehole: 4
(01:40 / All) SHADOWRUNNER: LOL
(02:43 / All) Facehole: hey...a FAMILY with KIDS lives in that farm
(03:00 / All) SHADOWRUNNER: NOT ANYMORE
(03:02 / All) SHADOWRUNNER: LOL
(03:05 / All) Facehole: not kool homeslice
(03:06 / All) TOMMY_WISEAU: Nah it's fine
(03:09 / All) TOMMY_WISEAU: I had them evicted earlier
(03:25 / Allies) TOMMY_WISEAU: greens hard teching
(03:27 / All) SHADOWRUNNER: LOL LIKE IN THE PEOPLE UNDER THE STAIR...
(03:29 / All) Facehole: fine then i want the copper piping\
(04:01 / Allies) DesPro: good job pink
(04:21 / Allies) Facehole: u made his family die
(04:23 / All) SHADOWRUNNER: GET FACTORY
(04:27 / Allies) Facehole: evcellent
(04:32 / All) TOMMY_WISEAU: lol
(04:33 / All) SHADOWRUNNER: LOL
(06:00 / All) SHADOWRUNNER: I HEARD IT WAS POSSIBLE FOR ANTS TO MAKE A COLONY INSIDE A WOMEN VAGINA...
(06:08 / Allies) Facehole: str
(06:15 / Allies) Landa: sorry?
(06:18 / Allies) Facehole: str
(06:20 / Allies) Landa: want it?
(06:22 / Allies) Facehole: im str
(06:25 / Allies) Facehole: u r agi
(09:04 / Allies) Facehole: really?
(09:16 / Allies) Facehole: fuck it
(09:27 / Allies) Landa: sorry teal never told me
(09:34 / Allies) Facehole: told you?
(09:42 / Allies) Facehole: not to take every single thing i am creeping?
(09:42 / Allies) Landa: yeah
(09:56 / Allies) Facehole: every item even if it does you no good
(10:18 / Allies) Facehole: take another item i bs
(10:21 / Allies) DesPro: take tome pink
(10:23 / Allies) Facehole: unless its agi
(11:04 / Allies) Facehole: go ahead
(11:05 / Allies) Facehole: take it
(11:13 / Allies) Landa: if you say so
(11:19 / Allies) Landa: will you take the mine?
(11:22 / Allies) Facehole: drop the str
(12:25 / Allies) Facehole: here
(12:47 / Allies) Landa: coming
(13:43 / Allies) Facehole: int is for your kotg
(13:51 / Allies) DesPro: need aa
(13:58 / Allies) Landa: i've dryads
(14:03 / Allies) DesPro: more
(14:06 / Allies) Facehole: i mean the mantle
(14:07 / Allies) Landa: k
(14:14 / Allies) Facehole: give it to yoru other hero, lol
(14:15 / Allies) Facehole: nvm
(14:19 / Allies) Facehole: ill shut up
(14:27 / Allies) TOMMY_WISEAU: red gold pleas
(14:45 / Allies) TOMMY_WISEAU: i'll coem to fight with oyu
(15:00 / Allies) Facehole: i love you
(15:02 / Allies) DesPro: b
(15:03 / Allies) DesPro: b
(15:07 / Allies) Landa: me too
(15:14 / Allies) TOMMY_WISEAU: oh
(15:14 / Allies) TOMMY_WISEAU: damn
(15:22 / Allies) Facehole: sigh
(16:01 / All) Facehole: heros coming up top
(16:04 / All) Facehole: free expo
(16:07 / All) Facehole: wont attack you
(16:34 / All) Facehole: nice
(17:12 / Allies) Landa: teal
(17:16 / Allies) Landa: you suck
(17:19 / Allies) Facehole: but u r greedy
(17:34 / Allies) Facehole: u even sold items
(17:41 / Allies) Facehole: rather than give them to me
(17:48 / Allies) Facehole: weak
(17:53 / Allies) TOMMY_WISEAU: dammit dude
(17:57 / Allies) DesPro: STOP
(17:58 / Allies) DesPro: COMON
(18:00 / Allies) DesPro: WE WQIN
(18:03 / Allies) TOMMY_WISEAU: CALM DOWN
(18:04 / Allies) Landa: he wont stop
(18:04 / Allies) Facehole: nah
(18:07 / Allies) TOMMY_WISEAU: YELLOW AND PURP ARE ILLING EACHOTHER
(18:09 / Allies) TOMMY_WISEAU: WE'RE FINE
(18:13 / Allies) Landa: hes a kid
(18:26 / Allies) Facehole: nah
(18:27 / Allies) Facehole: im not
(18:32 / Allies) Facehole: but i cant stand greedy
(18:58 / Allies) TOMMY_WISEAU: hwatever
(19:21 / Allies) TOMMY_WISEAU: This got interesting real fast
(20:00 / Allies) DesPro: why you do that
(20:06 / Allies) TOMMY_WISEAU: we';re fine
(20:14 / Allies) Facehole: 2 lose
(20:23 / Allies) Facehole: cause oj is greedy
(20:33 / Allies) TOMMY_WISEAU: they have only two players fihgting against us
(20:37 / Allies) Facehole: grabbing all the items as they fall even the ones not for him
(20:50 / Allies) TOMMY_WISEAU: tp red
(20:55 / Allies) TOMMY_WISEAU: TP RED
(20:56 / Allies) Facehole: even selling them before he lets me have 1
(20:58 / Allies) TOMMY_WISEAU: damnit
(21:00 / Allies) DesPro: need aa
(21:05 / Allies) TOMMY_WISEAU: yeah
(21:11 / Allies) TOMMY_WISEAU: i was r ebuilding my rifles
(21:14 / Allies) Facehole: lol oj
(21:14 / Allies) TOMMY_WISEAU: didn't exactly warrant a suicide
(21:20 / Allies) Facehole: u think i was gonna rebuild"?
(21:22 / Allies) Facehole: LOLOLOL
(21:24 / Allies) DesPro: oj can you please help
(21:30 / Allies) Facehole: no he cant
(21:32 / Allies) Facehole: u know why
(21:35 / Allies) Facehole: hes an idiot\
(21:41 / Allies) TOMMY_WISEAU: point taken
(21:45 / Allies) Landa: if teal lives hell never leave me alone
(21:58 / Allies) DesPro: GO FUCK YOU OJ
(21:58 / Allies) Facehole: hahahahaha
(22:00 / Allies) DesPro: motherfucker
(22:06 / Allies) Facehole: oj is horrible
(22:27 / Allies) Facehole: i have 3300 and im not even making units idiot
(22:34 / Allies) Facehole: what makes you think i will start
(22:44 / Allies) Landa: back pink
(23:16 / Allies) Facehole: oj no come back
(23:18 / Allies) Facehole: to me
(23:24 / Allies) Facehole: attack more buildings
(23:40 / Allies) TOMMY_WISEAU: we're really lucky they bsed eachother too
(23:49 / Allies) Facehole: hahaha
(23:58 / Allies) DesPro: thx oj
(25:28 / Allies) TOMMY_WISEAU: be right back in the fighta again
(25:29 / Allies) TOMMY_WISEAU: soon
(26:34 / Allies) Landa: told you about teal
(27:51 / Allies) TOMMY_WISEAU: red come
(27:59 / Allies) Facehole: thats game
(28:05 / Allies) TOMMY_WISEAU: red
(28:06 / Allies) TOMMY_WISEAU: fight tem
(28:26 / Allies) DesPro: I make hippo
(28:26 / All) Facehole: u deserve to lose
(28:34 / All) Facehole: i was bsing oj and you attack me
(28:41 / All) Facehole: u r dumber than him
(29:05 / All) Facehole: with strategy like that....LOL
(29:13 / Allies) DesPro: teal is dead ?
(29:16 / All) Facehole: u deserve a speedy death
(29:25 / Allies) Facehole: ya
(29:25 / Allies) TOMMY_WISEAU: red
(29:26 / Allies) Facehole: im dead
(29:32 / Allies) DesPro: good
(29:33 / Allies) TOMMY_WISEAU: can't let them expo
(29:35 / Allies) Facehole: lol
(29:56 / Allies) Facehole: oj has 3k
(29:58 / Allies) Facehole: LOL
(30:02 / Allies) Facehole: and NO buildings
(30:09 / Allies) TOMMY_WISEAU: what are you talking about nerd
(30:11 / Allies) Facehole: here nub
(30:18 / Allies) TOMMY_WISEAU: thanks oj
(30:42 / All) SHADOWRUNNER: JUST FINISHED PURP
(30:47 / All) SHADOWRUNNER: IS THE ONLY ONE LEFT
(31:41 / Allies) Facehole: red u have a unit in my base
(31:43 / All) SHADOWRUNNER: WHY FIGTH SOLO?
(31:47 / Allies) Facehole: juss fyi
(32:19 / All) SHADOWRUNNER: DUMB DRYAD
(32:25 / Allies) Facehole: lol and oj, u have a hero and army sitting in YOUR base
(32:29 / Allies) TOMMY_WISEAU: shoulda tped
(32:35 / Allies) TOMMY_WISEAU: damnit really
(32:35 / Allies) TOMMY_WISEAU: ugh
(33:04 / Allies) Facehole: hey oj, hows your base? comfortable? u been there forever
(33:20 / Allies) TOMMY_WISEAU: need help my expo
(33:43 / All) Facehole: green u r a moron
(33:48 / All) Facehole: look at you
(33:50 / All) SHADOWRUNNER: KILL PURP AND GG
(34:16 / Allies) TOMMY_WISEAU: thanks guys
(34:23 / All) SHADOWRUNNER: LOL
(34:24 / All) shon: if you actually think we were goin to win teal, you are a moron
(34:26 / All) Facehole: really u thought your dk was invincible?
(34:35 / All) shon: ya dude thats what i thought
(34:35 / All) SHADOWRUNNER: THERE KILLIN VERYONE BUT PURP
(34:38 / All) SHADOWRUNNER: FUNNY
(34:54 / All) TOMMY_WISEAU: Purps hard to kill when I keep dying due to poor micro :(
(35:15 / All) SHADOWRUNNER: YOU GOT HIM RED
(35:38 / All) boomerangler: if you see yellow
(35:44 / All) boomerangler: just kill him
(35:47 / All) boomerangler: that's my advice
(36:10 / All) Facehole: no worries there are a few ppl i will kill on sight from now no
(36:17 / All) Facehole: on*